| TOP OF THE 1ST |
|
Philadelphia (APP) Phillies batting - Pitching for Washington (APP) Nationals : RHP Luke Cook
|
|
Pitching: RHP Luke Cook
|
|
|
Batting: LHB Jonathan Roman
|
0-0: Called Strike 0-1: Ball 1-1: Foul Ball, location: 2F 1-2: Fly out, F9 (Flyball, 9D, EV 98.1 MPH)
|
|
Batting: RHB Dave Gallegos
|
0-0: DOUBLE (Flyball, 89D, EV 111.2 MPH)
|
|
Batting: SHB Brett St. Clair
|
0-0: Ground out 5-3 (Groundball, 56, EV 87.5 MPH)
|
|
Batting: RHB Juan Valadez
|
0-0: Ball 1-0: Foul Ball, location: 2F 1-1: Ball 2-1: Foul Ball, location: 2F 2-2: Ground out 5-3 (Groundball, 56, EV 86.2 MPH)
|
| Top of the 1st over - 0 runs, 1 hit, 0 errors, 1 left on base; Philadelphia (APP) 0 - Washington (APP) 0 |
| BOTTOM OF THE 1ST |
|
Washington (APP) Nationals batting - Pitching for Philadelphia (APP) Phillies : LHP Tim Lawson
|
|
Pitching: LHP Tim Lawson
|
|
|
Batting: RHB Taffounnout Kame
|
0-0: Swinging Strike 0-1: Fly out, F7 (Flyball, 78D, EV 105.6 MPH)
|
|
Batting: LHB Chris Williams
|
0-0: Ball 1-0: Swinging Strike 1-1: Ball 2-1: Ball 3-1: Base on Balls
|
|
Batting: RHB Er Le
|
0-0: Called Strike 0-1: Foul Ball, location: 2F 0-2: Ball Passed Ball! Chris Williams to second 1-2: Ball 2-2: Ball 3-2: Base on Balls
|
|
Batting: RHB Justin Davenport
|
0-0: Ball 1-0: Ball 2-0: Ball Wild Pitch! Chris Williams to third Er Le to second 3-0: Called Strike 3-1: Base on Balls
|
|
Batting: RHB Steve Kunselman
|
0-0: Grounds into double play, 6-4-3 (Groundball, 6, EV 85.6 MPH)
|
| Bottom of the 1st over - 0 runs, 0 hits, 0 errors, 2 left on base; Philadelphia (APP) 0 - Washington (APP) 0 |
| TOP OF THE 2ND |
|
Philadelphia (APP) Phillies batting - Pitching for Washington (APP) Nationals : RHP Luke Cook
|
|
Batting: RHB Simon Mergeni
|
0-0: Ball 1-0: Ball 2-0: Called Strike 2-1: Ball 3-1: Base on Balls
|
|
Batting: RHB Joel Gomez
|
0-0: Ball 1-0: Called Strike 1-1: Grounds into double play, 6-4-3 (Groundball, 6, EV 81.9 MPH)
|
|
Batting: LHB Travis Hahn
|
0-0: Called Strike 0-1: Ball 1-1: Fly out, F7 (Flyball, 78M, EV 86.9 MPH)
|
| Top of the 2nd over - 0 runs, 0 hits, 0 errors, 0 left on base; Philadelphia (APP) 0 - Washington (APP) 0 |
| BOTTOM OF THE 2ND |
|
Washington (APP) Nationals batting - Pitching for Philadelphia (APP) Phillies : LHP Tim Lawson
|
|
Batting: RHB Xavier Reeves
|
0-0: Ball 1-0: Ground out 1-3 (Groundball, 13S, EV 76.9 MPH)
|
|
Batting: RHB Aaron Bateman
|
0-0: Fly out, F8 (Line Drive, 8LS, EV 87.5 MPH)
|
|
Batting: RHB Jason Ewert
|
0-0: Called Strike 0-1: Fly out, F7 (Flyball, 78M, EV 86.2 MPH)
|
| Bottom of the 2nd over - 0 runs, 0 hits, 0 errors, 0 left on base; Philadelphia (APP) 0 - Washington (APP) 0 |
| TOP OF THE 3RD |
|
Philadelphia (APP) Phillies batting - Pitching for Washington (APP) Nationals : RHP Luke Cook
|
|
Batting: RHB Rafael Soto
|
0-0: Ball 1-0: Ball 2-0: Foul Ball, location: 2F 2-1: Called Strike 2-2: Ball 3-2: Strikes out looking
|
|
Batting: RHB Allen Deschamps
|
0-0: Ball 1-0: Ball 2-0: Called Strike 2-1: Ball 3-1: Swinging Strike 3-2: Base on Balls
|
|
Batting: LHB Jonathan Roman
|
0-0: Swinging Strike 0-1: Ball 1-1: Ball 2-1: Ball 3-1: Base on Balls Allen Deschamps to second
|
|
Batting: RHB Dave Gallegos
|
0-0: Ball 1-0: Ball 2-0: DOUBLE (Line Drive, 8RD, EV 105.6 MPH) Allen Deschamps scores Jonathan Roman to third
|
|
Batting: SHB Brett St. Clair
|
0-0: Called Strike 0-1: Ball 1-1: Ball 2-1: Called Strike 2-2: Ball 3-2: Foul Ball, location: 2F 3-2: Foul Ball, location: 2F 3-2: Foul Ball, location: 2F 3-2: Foul Ball, location: 2F 3-2: Strikes out looking
|
|
Batting: RHB Juan Valadez
|
0-0: Called Strike 0-1: Swinging Strike 0-2: Ball 1-2: Ball 2-2: Foul Ball, location: 2F 2-2: Foul Ball, location: 2F 2-2: Reached on error, E4 (Groundball, 4, EV 88.1 MPH) Jonathan Roman scores Dave Gallegos scores
|
|
Batting: RHB Simon Mergeni
|
0-0: Ball 1-0: Ball 2-0: Called Strike 2-1: Ball 3-1: Ground out 5-3 (Groundball, 5, EV 86.2 MPH)
|
| Top of the 3rd over - 3 runs, 1 hit, 1 error, 1 left on base; Philadelphia (APP) 3 - Washington (APP) 0 |
| BOTTOM OF THE 3RD |
|
Washington (APP) Nationals batting - Pitching for Philadelphia (APP) Phillies : LHP Tim Lawson
|
|
Batting: SHB Nolan Carew
|
0-0: Ball 1-0: Ball 2-0: Called Strike 2-1: Swinging Strike 2-2: Ball 3-2: Base on Balls
|
|
Batting: RHB Taffounnout Kame
|
0-0: Ball 1-0: Ball 2-0: Fielders Choice at 2nd, 6-4 (Groundball, 6, EV 100.6 MPH)
|
|
Batting: LHB Chris Williams
|
0-0: Ball 1-0: Called Strike 1-1: Foul Ball, location: 2F 1-2: Fielders Choice at 2nd, 5-4 (Groundball, 5, EV 83.1 MPH)
|
|
Batting: RHB Er Le
|
0-0: Called Strike 0-1: Called Strike 0-2: Ball 1-2: SINGLE (Groundball, 6MD, EV 100.0 MPH) Chris Williams to second Runner from 2nd tries for 3rd, OUT! 8-5
|
| Bottom of the 3rd over - 0 runs, 1 hit, 0 errors, 1 left on base; Philadelphia (APP) 3 - Washington (APP) 0 |
| TOP OF THE 4TH |
|
Philadelphia (APP) Phillies batting - Pitching for Washington (APP) Nationals : RHP Luke Cook
|
|
Batting: RHB Joel Gomez
|
0-0: Ball 1-0: Foul Ball, location: 2F 1-1: Ball 2-1: Foul Ball, location: 2F 2-2: Fly out, F7 (Flyball, 8LM, EV 82.5 MPH)
|
|
Batting: LHB Travis Hahn
|
0-0: Swinging Strike 0-1: Ball 1-1: Ball 2-1: Called Strike 2-2: Ball 3-2: Foul Ball, location: 2F 3-2: Foul Ball, location: 2F 3-2: Foul Ball, location: 2F 3-2: Base on Balls
|
|
Pitching: RHP Cheng-ho Tai
|
|
|
Batting: RHB Rafael Soto
|
0-0: Ball 1-0: Ball 2-0: Called Strike 2-1: Foul Ball, location: 2F 2-2: Fielders Choice at 2nd, 6-4 (Groundball, 6, EV 87.5 MPH)
|
|
Batting: RHB Allen Deschamps
|
0-0: Ball 1-0: Ball 2-0: Ball 3-0: Called Strike 3-1: SINGLE (Line Drive, 89S, EV 109.4 MPH) Rafael Soto to second
|
|
Batting: LHB Jonathan Roman
|
0-0: Called Strike 0-1: Foul Ball, location: 2F 0-2: Ball 1-2: Ball 2-2: Ground out 1-3 (Groundball, 13, EV 73.1 MPH)
|
| Top of the 4th over - 0 runs, 1 hit, 0 errors, 2 left on base; Philadelphia (APP) 3 - Washington (APP) 0 |
| BOTTOM OF THE 4TH |
|
Washington (APP) Nationals batting - Pitching for Philadelphia (APP) Phillies : LHP Tim Lawson
|
|
Batting: RHB Justin Davenport
|
0-0: Fly out, F7 (Line Drive, 78M, EV 96.9 MPH)
|
|
Batting: RHB Steve Kunselman
|
0-0: Ball 1-0: Ball 2-0: Foul Ball, location: 2F 2-1: Ball 3-1: Ground out 3-1 (Groundball, 34S, EV 76.9 MPH)
|
|
Batting: RHB Xavier Reeves
|
0-0: Foul Ball, location: 2F 0-1: Ball 1-1: Ball 2-1: Fly out, F7 (Flyball, 7LM, EV 89.4 MPH)
|
| Bottom of the 4th over - 0 runs, 0 hits, 0 errors, 0 left on base; Philadelphia (APP) 3 - Washington (APP) 0 |
| TOP OF THE 5TH |
|
Philadelphia (APP) Phillies batting - Pitching for Washington (APP) Nationals : RHP Cheng-ho Tai
|
|
Batting: RHB Dave Gallegos
|
0-0: Hit by Pitch
|
|
Batting: SHB Brett St. Clair
|
0-0: Ball 1-0: Called Strike 1-1: Foul Ball, location: 2F 1-2: DOUBLE (Line Drive, 5D, EV 99.4 MPH) Dave Gallegos to third
|
|
Batting: RHB Juan Valadez
|
0-0: Ball 1-0: Ball 2-0: Called Strike 2-1: Ground out 5-3 (Groundball, 56S, EV 82.5 MPH)
|
|
Batting: RHB Simon Mergeni
|
0-0: 3-RUN HOME RUN (Flyball, 78XD, EV 111.2 MPH), Distance : 424 ft
|
|
Pitching: RHP Matt Norris
|
|
|
Batting: RHB Joel Gomez
|
0-0: Fly out, F7 (Flyball, 78S, EV 81.9 MPH)
|
|
Batting: LHB Travis Hahn
|
0-0: Ball 1-0: Ball 2-0: Called Strike 2-1: Swinging Strike 2-2: Ground out 6-3 (Groundball, 6, EV 101.9 MPH)
|
| Top of the 5th over - 3 runs, 2 hits, 0 errors, 0 left on base; Philadelphia (APP) 6 - Washington (APP) 0 |
| BOTTOM OF THE 5TH |
|
Washington (APP) Nationals batting - Pitching for Philadelphia (APP) Phillies : LHP Tim Lawson
|
|
Batting: RHB Aaron Bateman
|
0-0: SINGLE (Line Drive, 6M, EV 98.8 MPH)
|
|
Batting: RHB Jason Ewert
|
0-0: Called Strike 0-1: Grounds into double play, 5-4-3 (Groundball, 56, EV 77.5 MPH)
|
|
Batting: SHB Nolan Carew
|
0-0: SINGLE (Groundball, 5S, EV 67.5 MPH) (infield hit)
|
|
Batting: RHB Taffounnout Kame
|
0-0: Ball 1-0: Fly out, F7 (Line Drive, 7, EV 94.4 MPH)
|
| Bottom of the 5th over - 0 runs, 2 hits, 0 errors, 1 left on base; Philadelphia (APP) 6 - Washington (APP) 0 |
| TOP OF THE 6TH |
|
Philadelphia (APP) Phillies batting - Pitching for Washington (APP) Nationals : RHP Matt Norris
|
|
Batting: RHB Rafael Soto
|
0-0: Ball 1-0: Ball 2-0: Called Strike 2-1: Fly out, F9 (Flyball, 9, EV 86.9 MPH)
|
|
Batting: RHB Allen Deschamps
|
0-0: Ball 1-0: Foul Ball, location: 2F 1-1: Called Strike 1-2: Strikes out looking
|
|
Batting: LHB Jonathan Roman
|
0-0: Called Strike 0-1: Ground out 6-3 (Groundball, 6, EV 83.8 MPH)
|
| Top of the 6th over - 0 runs, 0 hits, 0 errors, 0 left on base; Philadelphia (APP) 6 - Washington (APP) 0 |
| BOTTOM OF THE 6TH |
|
Washington (APP) Nationals batting - Pitching for Philadelphia (APP) Phillies : LHP Tim Lawson
|
|
Batting: LHB Chris Williams
|
0-0: Ball 1-0: Swinging Strike 1-1: Ball 2-1: Foul Ball, location: 2F 2-2: Foul Ball, location: 2F 2-2: Foul Ball, location: 2F 2-2: Strikes out looking
|
|
Batting: RHB Er Le
|
0-0: Ball 1-0: Called Strike 1-1: Ball 2-1: Called Strike 2-2: Fly out, F8 (Line Drive, 8RM, EV 90.0 MPH)
|
|
Batting: RHB Justin Davenport
|
0-0: Ball 1-0: Ball 2-0: Called Strike 2-1: Foul Ball, location: 2F 2-2: Ball 3-2: Base on Balls
|
|
Pitching: RHP Tim Starks
|
|
|
Batting: RHB Steve Kunselman
|
0-0: Called Strike 0-1: Ball 1-1: Ball Justin Davenport steals 2nd base 2-1: Foul Ball, location: 2F 2-2: Hit by Pitch
|
|
Batting: RHB Xavier Reeves
|
0-0: Called Strike 0-1: Fly out, F6 (Popup, 6MS, EV 64.4 MPH)
|
| Bottom of the 6th over - 0 runs, 0 hits, 0 errors, 2 left on base; Philadelphia (APP) 6 - Washington (APP) 0 |
| TOP OF THE 7TH |
|
Philadelphia (APP) Phillies batting - Pitching for Washington (APP) Nationals : RHP Matt Norris
|
|
Batting: RHB Dave Gallegos
|
0-0: Ball 1-0: Ball 2-0: Ground out 6-3 (Groundball, 6D, EV 102.5 MPH)
|
|
Batting: SHB Brett St. Clair
|
0-0: Foul Ball, location: 2F 0-1: Foul Ball, location: 2F 0-2: Ball 1-2: DOUBLE (Groundball, 3L, EV 107.5 MPH)
|
|
Batting: RHB Juan Valadez
|
0-0: Called Strike 0-1: Swinging Strike 0-2: DOUBLE (Groundball, 5L, EV 111.2 MPH) Brett St. Clair scores
|
|
Batting: RHB Simon Mergeni
|
0-0: Ground out 4-3 (Groundball, 4, EV 105.0 MPH) Juan Valadez to third
|
|
Pinch Hitting: RHB Miguel Vazquez
|
0-0: Ball 1-0: Foul Ball, location: 2F 1-1: Swinging Strike 1-2: Ball 2-2: Ball 3-2: Ground out 6-3 (Groundball, 6, EV 95.0 MPH)
|
| Top of the 7th over - 1 run, 2 hits, 0 errors, 1 left on base; Philadelphia (APP) 7 - Washington (APP) 0 |
| BOTTOM OF THE 7TH |
|
Washington (APP) Nationals batting - Pitching for Philadelphia (APP) Phillies : RHP Tim Starks
|
|
Now at 1B: Miguel Vazquez
|
|
|
Batting: RHB Aaron Bateman
|
0-0: Called Strike 0-1: Ground out 4-3 (Groundball, 4, EV 87.5 MPH)
|
|
Batting: RHB Jason Ewert
|
0-0: Swinging Strike 0-1: Ball 1-1: Foul Ball, location: 2F 1-2: Foul Ball, location: 2F 1-2: Ball 2-2: Ball 3-2: Strikes out looking
|
|
Batting: SHB Nolan Carew
|
0-0: SINGLE (Line Drive, 5, EV 98.8 MPH)
|
|
Batting: RHB Taffounnout Kame
|
0-0: Ball 1-0: Fielders Choice at 2nd, 6-4 (Groundball, 6, EV 85.0 MPH)
|
| Bottom of the 7th over - 0 runs, 1 hit, 0 errors, 1 left on base; Philadelphia (APP) 7 - Washington (APP) 0 |
| TOP OF THE 8TH |
|
Philadelphia (APP) Phillies batting - Pitching for Washington (APP) Nationals : RHP Matt Norris
|
|
Batting: LHB Travis Hahn
|
0-0: Ball 1-0: Called Strike 1-1: Ball 2-1: Foul Ball, location: 2F 2-2: Ball 3-2: Fly out, F8 (Flyball, 8RD, EV 88.8 MPH)
|
|
Batting: RHB Rafael Soto
|
0-0: SINGLE (Line Drive, 8RS, EV 98.1 MPH)
|
|
Pitching: LHP Willie Rivera
|
|
|
Batting: RHB Allen Deschamps
|
0-0: Ball Rafael Soto is caught stealing 2nd base 2-4 1-0: Ball 2-0: Ball 3-0: Called Strike 3-1: Fly out, F8 (Flyball, 8RM, EV 81.9 MPH)
|
| Top of the 8th over - 0 runs, 1 hit, 0 errors, 0 left on base; Philadelphia (APP) 7 - Washington (APP) 0 |
| BOTTOM OF THE 8TH |
|
Washington (APP) Nationals batting - Pitching for Philadelphia (APP) Phillies : RHP Tim Starks
|
|
Batting: LHB Chris Williams
|
0-0: Ball 1-0: Ball 2-0: Called Strike 2-1: SINGLE (Groundball, 6MD, EV 99.4 MPH)
|
|
Pitching: RHP Bobby Acevedo
|
|
|
Pinch Hitting: RHB Vasag Semerjian
|
0-0: Ball 1-0: Ball 2-0: Foul Ball, location: 2F 2-1: Grounds into double play, 5-4-3 (Groundball, 56S, EV 80.6 MPH)
|
|
Batting: RHB Justin Davenport
|
0-0: SINGLE (Flyball, 89S, EV 87.5 MPH)
|
|
Batting: RHB Steve Kunselman
|
0-0: Called Strike 0-1: Ball 1-1: Fielders Choice at 2nd, U6 (Groundball, 6M, EV 76.9 MPH)
|
| Bottom of the 8th over - 0 runs, 2 hits, 0 errors, 1 left on base; Philadelphia (APP) 7 - Washington (APP) 0 |
| TOP OF THE 9TH |
|
Philadelphia (APP) Phillies batting - Pitching for Washington (APP) Nationals : LHP Willie Rivera
|
|
Now at 1B: Vasag Semerjian
|
|
|
Batting: LHB Jonathan Roman
|
0-0: Ball 1-0: Swinging Strike 1-1: Foul Ball, location: 2F 1-2: Foul Ball, location: 2F 1-2: Strikes out swinging
|
|
Pinch Hitting: LHB Victor Estrada
|
0-0: Ball 1-0: Ball 2-0: Ball 3-0: Base on Balls
|
|
Batting: SHB Brett St. Clair
|
0-0: Reached on error, E3 (Groundball, 34, EV 105.6 MPH) Victor Estrada to second
|
|
Batting: RHB Juan Valadez
|
0-0: Ball 1-0: Fly out, F5 (Popup, 5S, EV 81.2 MPH)
|
|
Batting: RHB Simon Mergeni
|
0-0: Ball 1-0: Called Strike 1-1: Foul Ball, location: 2F 1-2: Foul Ball, location: 2F 1-2: Ball 2-2: Ball 3-2: Base on Balls Victor Estrada to third Brett St. Clair to second
|
|
Batting: RHB Miguel Vazquez
|
0-0: Ball 1-0: Swinging Strike 1-1: Ball 2-1: Ball Wild Pitch! Victor Estrada scores Brett St. Clair to third Simon Mergeni to second 3-1: Foul Ball, location: 2F 3-2: Strikes out swinging
|
| Top of the 9th over - 1 run, 0 hits, 1 error, 2 left on base; Philadelphia (APP) 8 - Washington (APP) 0 |
| BOTTOM OF THE 9TH |
|
Washington (APP) Nationals batting - Pitching for Philadelphia (APP) Phillies : RHP Bobby Acevedo
|
|
Now at 2B: Victor Estrada
|
|
|
Batting: RHB Xavier Reeves
|
0-0: Ball 1-0: Fly out, F8 (Flyball, 8RD, EV 88.8 MPH)
|
|
Batting: RHB Aaron Bateman
|
0-0: Ball 1-0: Ground out 5-3 (Groundball, 5, EV 86.2 MPH)
|
|
Batting: RHB Jason Ewert
|
0-0: Called Strike 0-1: Called Strike 0-2: Ball 1-2: Strikes out swinging
|
| Bottom of the 9th over - 0 runs, 0 hits, 0 errors, 0 left on base; Philadelphia (APP) 8 - Washington (APP) 0 |
|